 Dungeon Crawl Stone Soup version 0.22-a0-469-gf26638a (webtiles) character file.

1545 DrEnzyme the Insei (level 8, -3/57 HPs)
             Began as an Octopode Wanderer on June 11, 2018.
             Was an Initiate of Gozag.
             Slain by a scorpion (8 damage)
             ... on level 7 of the Dungeon.
             The game lasted 00:27:10 (6112 turns).

DrEnzyme the Insei (Octopode Wanderer)              Turns: 6112, Time: 00:27:12

Health: -3/57      AC:  1    Str: 12    XL:     8   Next: 87%
Magic:  12/12      EV: 17    Int: 12    God:    Gozag
Gold:   306        SH:  0    Dex: 15    Spells: 5/13 levels left

rFire    . . .     SeeInvis .     - Unarmed
rCold    . . .     Gourm    .   (no shield)
rNeg     . . .     Faith    .   d - +0 hat
rPois    .         Spirit   .   (no amulet)
rElec    .         Reflect  .   (no ring)
rCorr    .         Harm     .   (no ring)
MR       .....                  (no ring)
Stlth    +++.......             (no ring)
HPRegen  0.19/turn              (no ring)
MPRegen  0.13/turn              (no ring)
                                (no ring)
                                (no ring)

@: lethally poisoned (-3 -> -11), gold aura, very slightly contaminated,
invisible
A: almost no armour, stealthy swim, amphibious, 8 rings, constrict 8, camouflage
1, gelatinous body 1
a: Potion Petition, Call Merchant, Bribe Branch, Renounce Religion


You were on level 7 of the Dungeon.
You worshipped Gozag.
Gozag was aware of your devotion.
You were not hungry.

You visited 2 branches of the dungeon, and saw 8 of its levels.

You collected 395 gold pieces.
You paid 89 gold pieces to Gozag.

Inventory:

Hand Weapons
 a - a +3 dagger
Armour
 d - a +0 hat (worn)
Jewellery
 e - an uncursed amulet of the gourmand {unknown}
Wands
 g - a wand of acid (7)
 k - a wand of flame (27)
Scrolls
 i - a scroll of identify
 j - 2 scrolls of enchant weapon
 n - a scroll of remove curse
Potions
 b - a potion of brilliance {unknown}
 c - a potion of cancellation
 o - a potion of agility
 q - a potion of lignification {unknown}
Comestibles
 f - 6 rations


   Skills:
 + Level 6.0 Fighting
 + Level 6.0 Dodging
 - Level 2.6 Stealth
 + Level 6.1 Unarmed Combat
 - Level 3.0 Spellcasting
 - Level 2.0 Conjurations
   Level 2.0 Charms
   Level 1.0 Ice Magic


You had 5 spell levels left.
You knew the following spells:

 Your Spells              Type           Power        Failure   Level  Hunger
a - Shock                 Conj/Air       #...         16%         1    #......
b - Throw Flame           Conj/Fire      #.....       24%         2    ###....
c - Searing Ray           Conj           #.....       16%         2    ###....
d - Static Discharge      Conj/Air       #.......     43%         3    ###....

Your spell library contained the following spells:

 Spells                   Type           Power        Failure   Level  Hunger


Dungeon Overview and Level Annotations

Branches:
Dungeon (7/15)             Temple (1/1) D:6

Altars:
Ashenzari
Cheibriados
Dithmenos
Elyvilon
Fedhas
Gozag
Hepliaklqana
Kikubaaqudgha
Makhleb
Nemelex Xobeh
Okawaru
Qazlal
Ru
Sif Muna
Trog
Uskayaw
Vehumet
Xom
Yredelemnul
Zin
The Shining One

Annotations:
D:3 exclusion: phantom
D:4 exclusion: 3 ogres, RedSky's ghost, amateur DrAE
D:5 Turq's ghost, novice TrVM
D:6 exclusion: downstairs


Innate Abilities, Weirdness & Mutations

You cannot wear most types of armour.
You are very stealthy in the water. (Stealth+)
You are amphibious.
You can wear up to eight rings at the same time.
You can use your tentacles to constrict eight enemies at once.
Your skin changes colour to match your surroundings (Stealth+).
Your rubbery body absorbs attacks. (AC +1, EV +1)


Message History

You feel sick. The howler monkey closely misses you.
You catch the helpless howler monkey completely off-guard!
You tentacle-slap the howler monkey. Your grab misses the howler monkey.
Your squeeze misses the howler monkey.
The howler monkey is heavily wounded.
You feel sick. The howler monkey closely misses you. The hippogriff misses you.
The hippogriff pecks you. The hippogriff claws you.
You bludgeon the howler monkey! You grab the howler monkey.
The howler monkey is almost dead.
You constrict the howler monkey.
You kill the howler monkey!
You tentacle-slap the scorpion. You grab the scorpion.
The scorpion is heavily wounded.
You constrict the scorpion.
You feel sick. The hippogriff bites you.
* * * LOW HITPOINT WARNING * * *
The hippogriff pecks you!
* * * LOW HITPOINT WARNING * * *
The hippogriff barely misses you. The scorpion stings you!
You die...
Your body crumbles into a pile of gold.

##.########.#### #.# #.#
## #.# #.# .. #[####
#.##.##.# #....# #......H#
####.########.#.... ####
### #.#...#..# # . ...#
#.# #H#.#.#..# ##.####.#
#@sh.....#
#<......###########..#..#
#######..........#...#..#.
##########.#........
#....#.#.###.####
#.#....#.# ... #........#
#.# ########## .# #


You could see a hippogriff, a scorpion and a howler monkey.

Vanquished Creatures
  Prince Ribbit (D:5)
  An orc warrior (D:7)
  2 black bears
  2 centaurs
  An ogre (D:6)
  2 bullfrogs
  A scorpion (D:6)
  The ghost of Terra the Bolt Thrower, a weakling DsHu (D:3)
  3 howler monkeys
  3 crimson imps (D:5)
  An orc priest (D:7)
  2 hounds
  An orc wizard (D:5)
  A bullfrog skeleton (D:7)
  An iguana (D:7)
  A worker ant (D:4)
  8 adders
  A howler monkey skeleton (D:6)
  A shadow imp (D:5)
  An ooze (D:5)
  An adder skeleton (D:7)
  A worm (D:2)
  A dart slug (D:5)
  4 leopard geckos
  14 orcs
  11 bats
  7 giant cockroaches
  10 goblins
  8 hobgoblins
  4 jackals (D:2)
  A quokka (D:6)
  A ball python (D:1)
  7 frilled lizards
  9 kobolds
  12 rats
126 creatures vanquished.

Notes
Turn   | Place    | Note
-------+----------+-------------------------------------------
     0 | D:1      | DrEnzyme the Octopode Wanderer began the quest for the Orb.
     0 | D:1      | DrEnzyme set off with: a +2 dagger, a potion of haste, a ration
     0 | D:1      | Reached XP level 1. HP: 11/11 MP: 4/4
   148 | D:1      | Reached XP level 2. HP: 15/18 MP: 6/6
   153 | D:1      | Learned a level 1 spell: Shock
   237 | D:1      | Reached skill level 1 in Dodging
   249 | D:1      | Reached skill level 1 in Unarmed Combat
   262 | D:1      | Reached skill level 1 in Fighting
   374 | D:1      | Reached XP level 3. HP: 14/23 MP: 7/7
  1205 | D:2      | Reached XP level 4. HP: 29/29 MP: 4/8
  1309 | D:3      | Noticed Terra's ghost (weakling DsHu)
  1913 | D:3      | Noticed a phantom
  2268 | D:3      | Killed Terra's ghost
  2268 | D:3      | Reached XP level 5. HP: 20/35 MP: 6/9
  2437 | D:4      | Noticed an ogre
  2456 | D:4      | Noticed an ogre
  2520 | D:4      | Noticed an ogre
  2560 | D:4      | Noticed RedSky's ghost (amateur DrAE)
  2641 | D:4      | Noticed an ice beast
  2667 | D:5      | Entered Level 5 of the Dungeon
  2697 | D:5      | Reached XP level 6. HP: 15/42 MP: 6/10
  2889 | D:5      | Noticed Turq's ghost (novice TrVM)
  2944 | D:5      | Noticed a phantom
  3053 | D:5      | Noticed Prince Ribbit
  3316 | D:5      | Reached XP level 7. HP: 47/47 MP: 6/11
  3559 | D:5      | Learned a level 2 spell: Throw Flame
  3562 | D:5      | Learned a level 2 spell: Searing Ray
  3566 | D:5      | Learned a level 3 spell: Static Discharge
  3633 | D:5      | Killed Prince Ribbit
  3940 | D:6      | Found a staircase to the Ecumenical Temple.
  4082 | Temple   | Entered the Ecumenical Temple
  4133 | Temple   | Became a worshipper of Gozag Ym Sagoz the Greedy
  4365 | D:6      | Reached XP level 8. HP: 38/54 MP: 12/12
  4610 | D:6      | Reached skill level 5 in Fighting
  4610 | D:6      | Reached skill level 5 in Dodging
  4610 | D:6      | Reached skill level 5 in Unarmed Combat
  5197 | D:7      | Noticed a hippogriff
  6112 | D:7      | Slain by a scorpion

Vault maps used:
D:1:      eino_arrival_water_cross, kennysheep_boxes
D:2:      interstate_on_off
D:3:      first_ration
D:4:      uniq_blork_the_orc
D:5:      uniq_prince_ribbit1
D:6:      minmay_temple_entry_overgrown
D:7:      marbit_many_paths, enter_bailey_2
Temple:   grunt_wide_crystal_templ

Skill      XL: |  1  2  3  4  5  6  7  8 |
---------------+-------------------------+-----
Dodging        | 1 2 3 4 6 |  6.0
Unarmed Combat | 1 2 3 4 6 |  6.1
Fighting       | 1 2 3 4 6 |  6.0
Stealth        | |  2.6
Spellcasting   | |  3.0
Conjurations   | |  2.0
Charms         | |  2.0
Ice Magic      | |  1.0

Action                   |  1- 3 |  4- 6 |  7- 9 || total
-------------------------+-------+-------+-------++-------
Melee: Dagger            |    66 |    89 |    74 ||   229
       Constrict         |    16 |    17 |    28 ||    61
       Tentacles         |    10 |    22 |    28 ||    60
       Punch             |     1 |     3 |     4 ||     8
       Unarmed           |       |       |    38 ||    38
 Cast: Shock             |    30 |    56 |    11 ||    97
       Throw Flame       |       |       |     3 ||     3
Evoke: Wand              |       |       |     3 ||     3
  Use: Scroll            |       |     4 |     7 ||    11
       Potion            |       |     2 |     6 ||     8
 Stab: Sleeping          |     5 |     4 |     6 ||    15
       Distracted        |     1 |       |       ||     1
       Invisible         |       |       |     1 ||     1
  Eat: Chunk             |     1 |     8 |     3 ||    12
       Ration            |       |       |     2 ||     2
Armor: Skin              |     4 |    10 |     8 ||    22
Dodge: Dodged            |    50 |    60 |   107 ||   217

Table legend:
 A = Spawn XP
 B = Non-spawn XP
 C = Spawn XP percentage of total XP
 D = Spawn monster count
 E = Non-spawn monster count
 F = Spawn count percentage of total count
 G = Total turns spent on level
                    A         B        C        D         E        F      G
               +---------+---------+-------+---------+---------+-------+---------
         Total |       0 |    2208 |   0.0 |       0 |     126 |   0.0 |  6112
               +---------+---------+-------+---------+---------+-------+---------
           D:1 |       0 |      50 |   0.0 |       0 |      32 |   0.0 |   850
           D:2 |       0 |      40 |   0.0 |       0 |      17 |   0.0 |   845
           D:3 |       0 |     124 |   0.0 |       0 |      26 |   0.0 |   784
           D:4 |       0 |      35 |   0.0 |       0 |       2 |   0.0 |   188
           D:5 |       0 |     701 |   0.0 |       0 |      20 |   0.0 |   989
           D:6 |       0 |     604 |   0.0 |       0 |      12 |   0.0 |  1360
           D:7 |       0 |     654 |   0.0 |       0 |      17 |   0.0 |  1031
               +---------+---------+-------+---------+---------+-------+---------
